 Dungeon Crawl Stone Soup version 0.29.1-12-g30fa7ad0bf (webtiles) character file.

Game seed: 12294318038878866843

37 hawla the Firebug (level 3, -1/26 HPs)
             Began as a Meteoran Fire Elementalist on Jan 7, 2023.
             Slain by a black bear (3 damage)
             ... on level 4 of the Dungeon.
             The game lasted 00:02:45 (252 turns).

hawla the Firebug (Meteoran Fire Elementalist)       Turns: 252, Time: 00:02:46

Health: -1/26      AC:  2    Str:  9    XL:     3   Next: 85%
Magic:  0/8        EV: 13    Int: 18    God:
Gold:   98         SH:  0    Dex: 15    Spells: 5/8 levels left

rFire   . . .      SeeInvis .   (no weapon)
rCold   . . .      Faith    .   (no shield)
rNeg    . . .      Spirit   .   a - +0 robe
rPois   .          Reflect  .   (no helmet)
rElec   .          Harm     .   (no cloak)
rCorr   .          Rampage  .   (no gloves)
Will    .....                   (no boots)
Stlth   +.........              (no amulet)
HPRegen 0.08/turn               (no ring)
MPRegen 0.11/turn               (no ring)

@: very slightly contaminated, glowing
A: sense surroundings 1, otherworldly, glowing, explore regen
a: no special abilities


You were on level 4 of the Dungeon.
You visited 1 branch of the dungeon, and saw 4 of its levels.

You collected 98 gold pieces.

Inventory:

Armour
 a - a +0 robe (worn)
Scrolls
 b - a scroll of teleportation {unknown}
 c - a scroll of magic mapping {unknown}
 d - a scroll of noise {unknown}
Potions
 e - a potion of mutation {unknown}


   Skills:
 + Level 2.7 Dodging
 - Level 1.4 Stealth
 + Level 3.2 Spellcasting
 + Level 1.4 Conjurations
 + Level 4.7 Fire Magic


You had 5 spell levels left.
You knew the following spells:

 Your Spells              Type           Power      Damage    Failure   Level
a - Foxfire               Conj/Fire      56%        2x1d6     4%          1
b - Scorch                Fire           40%        2d7       3%          2

Your spell library contained the following spells:

 Spells                   Type           Power      Damage    Failure   Level
 Conjure Flame            Conj/Fire      14%        6-21      14%         3
 Inner Flame              Hex/Fire       11%        N/A       19%         3
 Flame Wave               Conj/Fire      14%        2d6       41%         4


Dungeon Overview and Level Annotations

Branches:
Dungeon (4/15) Zot: 2148
 Temple: D:4-7

Altars:

Annotations:
D:2 Terence


Innate Abilities, Weirdness & Mutations

You passively map a small area around you.
You are easily found by Zot.
You glow in the dark.
You regain HP and MP as you explore.


Message History

The black bear claws you but does no damage.
The black bear claws you.
* * * LOW HITPOINT WARNING * * *
Your magical contamination has completely faded away.
The black bear attacks as you move away!
The black bear bites you.
* * * LOW HITPOINT WARNING * * *
The black bear closely misses you. The black bear claws you.
* * * LOW HITPOINT WARNING * * *
The black bear attacks as you move away!
The black bear bites you.
* * * LOW HITPOINT WARNING * * *
The black bear closely misses you. The black bear misses you.
Found 7 gold pieces.
Casting: Foxfire (safe; 4% risk of failure)
Confirm with . or Enter, or press ? or * to list all spells.
Flames lash the black bear.
The black bear is severely wounded.
The black bear's fire resistance burns away.
The black bear goes berserk!
Casting: Scorch (safe; 3% risk of failure)
Confirm with . or Enter, or press ? or * to list all spells.
You don't have enough magic to cast this spell.
Casting: Scorch (safe; 3% risk of failure)
Confirm with . or Enter, or press ? or * to list all spells.
You miscast Foxfire.
You are very lightly contaminated with residual magic.
Nothing appears to happen.
The black bear bites you.
* * * LOW HITPOINT WARNING * * *
The black bear claws you.
* * * LOW HITPOINT WARNING * * *
The black bear closely misses you. x2
The black bear claws you but does no damage.
The black bear claws you.
* * * LOW HITPOINT WARNING * * *
An endoplasm comes into view.
The endoplasm quivers.
The black bear attacks as you move away!
The black bear bites you.
You die...

, * *#.....# *
*#....## ,
#.....##
##......##
#.#......# *
###........##
##......##...##
##.......###h..##
##........#
##@..# * , ,
###.........#
#.....# * ,,,
.......)....#
#......#
.#..........#
........#*
...........##
......... *
......>....#
##......J.,
...........#
##.......
.....>.....#
#......
...........# ,


You could see a black bear (berserk, combustible) and an endoplasm.

Vanquished Creatures
  2 worms
  2 endoplasms
  2 giant cockroaches
  4 goblins
  6 hobgoblins
  A ball python (D:4)
  2 bats
  6 kobolds
  3 rats
28 creatures vanquished.

Vanquished Creatures (others)
  66 foxfires
66 creatures vanquished.

Grand Total: 94 creatures vanquished

Notes
Turn   | Place    | Note
-------+----------+-------------------------------------------
     0 | D:1      | hawla the Meteoran Fire Elementalist began the quest for
                  | the Orb.
     0 | D:1      | Reached XP level 1. HP: 14/14 MP: 5/5
    24 | D:1      | Reached skill level 4 in Fire Magic
    24 | D:1      | Reached XP level 2. HP: 20/20 MP: 2/6
    52 | D:2      | Noticed Terence
    58 | D:1      | Learned a level 2 spell: Scorch
    80 | D:2      | Reached XP level 3. HP: 26/26 MP: 0/8
   220 | D:4      | Noticed a black bear
   250 | D:4      | HP: 1/26 [black bear (5)]
   252 | D:4      | Slain by a black bear

Illustrated notes

Levels and vault maps discovered:
D:1:      wander_arrival_fairy_ring, layout_rooms
D:2:      layout_loops_cross, nicolae_ecumenical_lake_church, uniq_robin,
          uniq_terence
D:3:      layout_rooms, makhleb_altar_promises_db, serial_shops,
          nicolae_shop_temple_entry_statues_fountains, uniq_ijyb
D:4:      layout_cave_pods, serial_shops, nicolae_square_shop,
          kennysheep_little_box, nicolae_take_the_stairs

Skill      XL: |  1  2  3 |
---------------+----------+-----
Fire Magic     | 4 |  4.7
Spellcasting   | 3 |  3.2
Dodging        | |  2.7
Stealth        | |  1.4
Conjurations   | |  1.4

Action                   || total
-------------------------++-------
Melee: Unarmed           ||     2
 Cast: Foxfire           ||    40
       Scorch            ||     6
  Use: Potion            ||     1
Armor: Robe              ||     6
Dodge: Dodged            ||    18
